 Dungeon Crawl Stone Soup version 0.21-a0-19-g210df22 (webtiles) character file.

16990 Jannitor the Cleaver (level 12, -6/154 HPs)
             Began as a Demonspawn Skald on May 24, 2017.
             Was an Elder of Wu Jian.
             Killed from afar by an ogre mage (39 damage)
             ... with a crystal spear
             ... on level 2 of the Orcish Mines.
             The game lasted 01:03:33 (16421 turns).

Jannitor the Cleaver (Demonspawn Skald)            Turns: 16421, Time: 01:03:34

Health: -6/154     AC: 30    Str: 13    XL:     12   Next: 14%
Magic:  15/19      EV:  2    Int: 17    God:    Wu Jian [****..]
Gold:   576        SH:  0    Dex: 18    Spells: 9/20 levels left

rFire    . . .     SeeInvis .   d - +9 battleaxe of the Doomed Warrior {venom, MR+ Dex+4}
rCold    . . .     Gourm    .   (shield currently unavailable)
rNeg     + + +     Faith    .   (armour currently unavailable)
rPois    +         Spirit   .   (helmet currently unavailable)
rElec    .         Reflect  .   (cloak currently unavailable)
rCorr    .         Harm     .   (gloves currently unavailable)
MR       ++...     NoTele   +   (boots currently unavailable)
Stlth    ++++......             (no amulet)
Regen    0.8/turn               k - +4 ring of protection
MPRegen  0.2/turn               P - ring of protection from magic

@: tree-form, singing (expiring), serpent's lash
A: nightstalker 2, regeneration 1, robust 1, wild magic 1, flame cloud immunity
a: Serpent's Lash, Renounce Religion


You were on level 2 of the Orcish Mines.
You worshipped Wu Jian.
Wu Jian was greatly pleased with you.
You were not hungry.
You were a tree.
You visited 4 branches of the dungeon, and saw 14 of its levels.

You collected 975 gold pieces.
You spent 399 gold pieces at shops.

Inventory:

Hand Weapons
 a - a +1 falchion
 d - the +9 battleaxe of the Doomed Warrior (weapon) {venom, MR+ Dex+4}
   (You acquired it on level 9 of the Dungeon)

   It poisons the flesh of those it strikes.
   It affects your dexterity (+4).
   It affects your resistance to hostile enchantments.
 E - a +1 scimitar
Missiles
 h - 290 stones (quivered)
Armour
 g - a +2 robe of resistance
 o - a +1 leather armour of fire resistance (melded)
 I - a +0 cloak (melded)
 Q - a +0 troll leather armour
Jewellery
 k - a +4 ring of protection (left branch)
 s - an uncursed ring of fire
 v - an uncursed ring of flight
 P - a ring of protection from magic (right branch)
Wands
 m - a wand of digging (6/24)
 t - a wand of polymorph (21/24)
 w - a wand of digging (10/24)
 z - a wand of clouds (1/9)
 D - a wand of iceblast (0/15)
 G - a wand of enslavement (7/24)
Scrolls
 j - 11 scrolls of identify
 l - a scroll of silence {unknown}
 n - 3 scrolls of enchant weapon
 q - a scroll of remove curse
 y - a scroll of enchant armour
 A - a scroll of recharging
 F - a scroll of teleportation
 H - 2 scrolls of magic mapping
 J - a scroll of amnesia {unknown}
 K - a scroll of blinking
Potions
 b - a potion of degeneration {unknown}
 e - 4 potions of mutation
 r - 2 potions of brilliance
 u - 2 potions of curing
 C - a potion of lignification
 M - a potion of cancellation {unknown}
 N - a potion of haste {unknown}
 O - a potion of berserk rage {unknown}
Books
 c - a book of Battle

   Spells                             Type                      Level
   a - Infusion                       Charms                       1
   b - Shroud of Golubria             Charms/Translocation         2
   c - Song of Slaying                Charms                       2
   d - Spectral Weapon                Hexes/Charms                 3
   e - Regeneration                   Charms/Necromancy            3
 f - a book of Callings

   Spells                             Type                      Level
   a - Summon Small Mammal            Summoning                    1
   b - Call Imp                       Summoning                    2
   c - Call Canine Familiar           Summoning                    3
   d - Summon Guardian Golem          Hexes/Summoning              3
   e - Summon Lightning Spire         Summoning/Air                4
   f - Summon Ice Beast               Ice/Summoning                4
Comestibles
 p - 5 fruits
 x - 3 royal jellies
 B - 3 meat rations


   Skills:
 + Level 8.3 Fighting
 - Level 8.9 Long Blades
 + Level 9.1 Axes
 + Level 4.1 Armour
 - Level 6.4 Dodging
 + Level 4.8 Spellcasting
 + Level 7.9 Charms


You had 9 spell levels left.
You knew the following spells:

 Your Spells              Type           Power        Failure   Level  Hunger
a - Infusion              Chrm           ####         1%          1    None
b - Shroud of Golubria    Chrm/Tloc      ###.......   7%          2    #......
c - Spectral Weapon       Hex/Chrm       ###.....     13%         3    ###....
d - Regeneration          Chrm/Necr      ###.......   13%         3    ###....
e - Song of Slaying       Chrm           #####...     1%          2    #......


Dungeon Overview and Level Annotations

Branches:
Dungeon (10/15)            Temple (1/1) D:4            Lair (1/6) D:8
    Orc (2/2) D:9             Elf (0/3) Orc:2

Altars:
Ashenzari
Cheibriados
Dithmenos
Elyvilon
Fedhas
Gozag
Hepliaklqana
Kikubaaqudgha
Makhleb
Nemelex Xobeh
Okawaru
Qazlal
Ru
Sif Muna
Trog
Uskayaw
Vehumet
Wu Jian
Xom
Yredelemnul
Zin
The Shining One
Beogh

Shops:
D:8 %   D:9 :*

Portals:
Trove: D:10 (give 6 scrolls of blinking)

Annotations:
D:5 Pikel
D:6 exclusion: ogre
D:7 5 runed doors
D:8 Psyche
Orc:2 Azrael


Innate Abilities, Weirdness & Mutations

((You have razor-sharp toenails.))
((You are mostly covered in yellow scales. (AC +3)))
((Your flesh is heat resistant. (rF+)))
You are significantly more attuned to the shadows.
You are immune to clouds of flame.
Your natural rate of healing is unusually fast.
You are robust. (+10% HP)
Your spells are a little harder to cast, but a little more powerful.


Message History

You slice Azrael!!
Azrael is poisoned.
You slash the hell hound!
You kill the hell hound!
The Council accepts your kill.
You slash the hell hound!
You kill the hell hound!
The Council accepts your kill.
You slash the two-headed ogre!
The two-headed ogre looks as sick as possible!
You hear a shout!
You hear two shouts!
You kill the two-headed ogre!
The Council accepts your kill.
The orc warrior hits you from afar with a halberd.
* * * LOW HITPOINT WARNING * * *
Azrael hits you with a scimitar of flaming.
* * * LOW HITPOINT WARNING * * *
Azrael burns you.
* * * LOW HITPOINT WARNING * * *
The ogre mage points at you and mumbles some strange words.
The crystal spear hits you!
You die...

##.........####
#.........##
..........# #..# ##
........#.# #..##§O
........### #..#)§O
.......##.### #(..§OO
....##.#....####.§§O..
....#...#.....##.)#
>.. ##........§E♣.# #.
##.....#.§ER)# #
#.........oCoo#
#.#..#.........o.
..................
#§...........


You could see Azrael, a two-headed ogre, an ogre mage, a cyclops, 2 fire
elementals, 2 orc warriors, 3 ogres and 2 orcs.

Vanquished Creatures
  Erolcha (Orc:1)
  6 two-headed ogres
  The ghost of Unholydonuts the Destroyer, a novice DECj of Sif Muna (D:7)
  An ugly thing (D:10)
  3 orc sorcerers
  Maurice (D:9)
  A spiny frog (Lair:1)
  A komodo dragon (Lair:1)
  3 trolls (Orc:2)
  3 blink frogs
  2 hippogriffs
  11 yaks (D:10)
  A basilisk (Lair:1)
  3 wargs
  4 porcupines (Lair:1)
  4 hell hounds (Orc:2)
  13 orc warriors
  Duvessa (D:5)
  2 ice beasts
  2 slaves
  A black bear (D:8)
  6 ogres
  A necrophage (D:5)
  4 centaurs
  A big kobold (D:7)
  7 bullfrogs
  Dowan (D:5)
  2 scorpions
  11 killer bees
  3 wights (D:7)
  2 crimson imps (D:7)
  A bullfrog zombie (D:5)
  A gnoll shaman (D:4)
  2 centaur skeletons
  4 jellies
  15 orc priests
  2 hounds (D:9)
  6 orc wizards
  2 bullfrog skeletons
  An iguana (D:4)
  7 worker ants
  A hound zombie (D:10)
  4 adders
  5 gnolls
  3 howler monkey skeletons
  A shadow imp (D:7)
  An ooze (D:1)
  An adder zombie (D:6)
  2 worms
  A dart slug (D:2)
  8 leopard geckos
  56 orcs
  4 giant cockroaches
  9 goblins
  10 hobgoblins
  25 jackals
  15 kobolds
  4 quokkas
  A ball python (D:3)
  7 bats
  9 frilled lizards
  A leopard gecko skeleton (D:7)
  5 rats
317 creatures vanquished.

Vanquished Creatures (collateral kills)
  A blink frog (Lair:1)
1 creature vanquished.

Vanquished Creatures (others)
  A plant (D:8)
  8 spectral weapons
9 creatures vanquished.

Grand Total: 327 creatures vanquished

Notes
Turn   | Place    | Note
-------+----------+-------------------------------------------
     0 | D:1      | Jannitor the Demonspawn Skald began the quest for the Orb.
     0 | D:1      | Reached XP level 1. HP: 16/16 MP: 3/3
   252 | D:1      | Gained mutation: You are partially covered in yellow scales. (AC +2) [demonic ancestry]
   252 | D:1      | Reached XP level 2. HP: 22/22 MP: 5/5
   865 | D:1      | Gained mutation: You have sharp toenails. [demonic ancestry]
   865 | D:1      | Reached XP level 3. HP: 25/28 MP: 6/6
  1606 | D:1      | Learned a level 2 spell: Shroud of Golubria
  1610 | D:1      | Learned a level 3 spell: Spectral Weapon
  1957 | D:2      | Gained mutation: You are slightly more attuned to the shadows. [demonic ancestry]
  1957 | D:2      | Reached XP level 4. HP: 26/34 MP: 1/7
  2694 | D:4      | Found a staircase to the Ecumenical Temple.
  2700 | Temple   | Entered the Ecumenical Temple
  2757 | Temple   | Became a worshipper of the Wu Jian Council
  3348 | D:3      | Reached XP level 5. HP: 32/41 MP: 1/8
  4606 | D:4      | Gained mutation: Your flesh is heat resistant. (rF+) [demonic ancestry]
  4606 | D:4      | Reached XP level 6. HP: 47/47 MP: 1/9
  5037 | D:5      | Entered Level 5 of the Dungeon
  5152 | D:4      | Found a shimmering altar of Xom.
  5153 | D:4      | Found a shimmering altar of Xom.
  5751 | D:4      | Reached * piety under Wu Jian
  5819 | D:4      | Learned a level 3 spell: Regeneration
  6338 | D:5      | Gained mutation: You have razor-sharp toenails. [demonic ancestry]
  6338 | D:5      | Reached XP level 7. HP: 23/49 MP: 0/10
  6513 | D:5      | Noticed Duvessa
  6514 | D:5      | Noticed Dowan
  7596 | D:4      | Reached skill level 5 in Long Blades
  7755 | D:5      | Killed Duvessa
  7821 | D:5      | Killed Dowan
  7990 | D:5      | Noticed Pikel
  8387 | D:5      | Gained mutation: You are immune to clouds of flame. [demonic ancestry]
  8387 | D:5      | Reached XP level 8. HP: 46/57 MP: 1/11
  9025 | D:6      | Found a deep blue altar of Sif Muna.
  9341 | D:7      | Found a runed gate.
  9342 | D:7      | Found a runed door.
  9352 | D:7      | Found a runed gate.
  9352 | D:7      | Found a runed gate.
  9360 | D:7      | Found a runed door.
  9473 | D:7      | Learned a level 2 spell: Song of Slaying
  9959 | D:6      | Reached ** piety under Wu Jian
 10025 | D:6      | Reached skill level 5 in Fighting
 10390 | D:6      | Reached skill level 5 in Charms
 10471 | D:7      | Reached skill level 5 in Dodging
 10659 | D:7      | Noticed Unholydonuts's ghost (novice DECj)
 10673 | D:7      | Killed Unholydonuts's ghost
 10673 | D:7      | Reached XP level 9. HP: 28/65 MP: 4/12
 11682 | D:8      | Noticed Psyche
 11736 | D:8      | Found a staircase to the Lair.
 12259 | D:8      | Found Qulasch's Food Emporium.
 12467 | Lair:1   | Entered Level 1 of the Lair of Beasts
 12467 | Lair:1   | Noticed a spiny frog
 12663 | D:9      | Found Ohetzeo's Book Emporium.
 12689 | D:9      | Found Waoket's General Store.
 12697 | D:9      | Bought a scroll of blinking for 105 gold pieces
 12697 | D:9      | Bought a potion of mutation for 112 gold pieces
 12697 | D:9      | Bought a potion of resistance for 140 gold pieces
 12697 | D:9      | Bought a potion of curing for 42 gold pieces
 12697 | D:9      | Gained mutation: Your natural rate of healing is unusually fast. [potion of mutation]
 12697 | D:9      | Gained mutation: You are robust. (+10% HP) [potion of mutation]
 12697 | D:9      | Gained mutation: Your spells are a little harder to cast, but a little more powerful. [potion of mutation]
 12772 | D:9      | Noticed Maurice
 12813 | D:9      | Killed Maurice
 12813 | D:9      | Gained mutation: You are mostly covered in yellow scales. (AC +3) [demonic ancestry]
 12813 | D:9      | Reached XP level 10. HP: 33/84 MP: 4/13
 13172 | D:9      | Identified a scroll of acquirement
 13174 | D:9      | Got a translucent battleaxe
 13175 | D:9      | Identified the +9 battleaxe of the Doomed Warrior {venom, MR+ Dex+4} (You acquired it on level 9 of the Dungeon)
 13278 | D:9      | Found a staircase to the Orcish Mines.
 13305 | D:9      | Reached skill level 1 in Axes
 13365 | D:9      | Found a sparkling altar of Nemelex Xobeh.
 13525 | D:10     | Entered Level 10 of the Dungeon
 13554 | D:10     | Noticed a two-headed ogre
 13582 | D:10     | Killed a two-headed ogre
 13582 | D:10     | Reached skill level 3 in Axes
 13737 | D:10     | Reached skill level 4 in Axes
 13749 | D:10     | Reached skill level 5 in Axes
 13751 | D:10     | Reached *** piety under Wu Jian
 13898 | D:10     | Reached skill level 6 in Axes
 13941 | D:10     | Reached skill level 7 in Axes
 14074 | D:10     | Found a portal to a secret trove of treasure.
 14231 | D:10     | Noticed a white ugly thing
 14240 | D:10     | Killed a white ugly thing
 14240 | D:10     | Gained mutation: You are significantly more attuned to the shadows. [demonic ancestry]
 14240 | D:10     | Reached XP level 11. HP: 91/91 MP: 3/14
 14377 | Orc:1    | Entered Level 1 of the Orcish Mines
 14630 | Orc:1    | Found a roughly hewn altar of Beogh.
 14650 | Orc:1    | Reached skill level 8 in Axes
 14774 | Orc:1    | Reached **** piety under Wu Jian
 14774 | Orc:1    | Reached skill level 1 in Armour
 14819 | Orc:1    | Noticed an orc sorcerer
 14823 | Orc:1    | Noticed Erolcha
 14826 | Orc:1    | Killed Erolcha
 14828 | Orc:1    | Killed an orc sorcerer
 15572 | Lair:1   | Noticed a four-headed hydra
 15721 | Orc:2    | Entered Level 2 of the Orcish Mines
 16162 | Orc:2    | Found a roughly hewn altar of Beogh.
 16164 | Orc:2    | Found a staircase to the Elven Halls.
 16403 | Orc:2    | Noticed a two-headed ogre
 16406 | Orc:2    | Noticed a two-headed ogre
 16408 | Orc:2    | Noticed an orc sorcerer
 16409 | Orc:2    | Noticed a two-headed ogre
 16409 | Orc:2    | Killed a two-headed ogre
 16410 | Orc:2    | Noticed a two-headed ogre
 16410 | Orc:2    | Killed a two-headed ogre
 16411 | Orc:2    | Noticed an ogre mage
 16411 | Orc:2    | Noticed an orc sorcerer
 16412 | Orc:2    | Noticed a two-headed ogre
 16412 | Orc:2    | Noticed Azrael
 16413 | Orc:2    | Killed a two-headed ogre
 16414 | Orc:2    | Killed an orc sorcerer
 16415 | Orc:2    | Killed an orc sorcerer
 16415 | Orc:2    | Reached XP level 12. HP: 36/101 MP: 13/18
 16415 | Orc:2    | Killed a two-headed ogre
 16415 | Orc:2    | Reached skill level 9 in Axes
 16420 | Orc:2    | Noticed a two-headed ogre
 16421 | Orc:2    | Noticed an ogre mage
 16421 | Orc:2    | Killed a two-headed ogre
 16421 | Orc:2    | Killed from afar by an ogre mage

Vault maps used:
D:1:      lightli_iron_boxes
D:2:      cheibrodos_old_hovel, minmay_tetromino_l2
D:3:      corexii_leaking_fountain
D:4:      minmay_temple_entry_hall, xom_redecorated
D:5:      first_bread, uniq_pikel, uniq_duvessa
D:6:      basic_altar
D:7:      minmay_guarded_unrand_staff_of_olgreb
D:8:      erik_lair_orcish_takeover, serial_shops, shop, hangedman_ranch,
          uniq_psyche
D:9:      nemelex_xobeh_ov_fountains_minmay, orc_0_dummy, serial_shops, shop,
          shop, uniq_maurice
D:10:     nicolae_trove_entry_free_sample
Temple:   minmay_crystal_snake_temple
Lair:1:   lemuel_ratsnest, beast_lair_carwin_2, lemuel_fruit_fields, uniq_joseph
Orc:1:    basic_altar, uniq_erolcha
Orc:2:    st_orc_ogre_mass, basic_altar, uniq_azrael

Skill      XL: |  1  2  3  4  5  6  7  8  9 10 11 12 |
---------------+-------------------------------------+-----
Long Blades    | 2 3 4 5 7 8 |  8.9
Dodging        | 2 3 4 5 6 |  6.4
Charms         | 3 4 5 6 7 |  7.9
Fighting       | 3 4 5 6 8 |  8.3
Axes           | 7 8 9 |  9.1
Armour         | 3 4 |  4.1
Spellcasting   | 4 |  4.8

Action                   |  1- 3 |  4- 6 |  7- 9 | 10-12 || total
-------------------------+-------+-------+-------+-------++-------
Melee: Falchion          |   126 |   187 |   302 |       ||   615
       Kick              |    14 |    48 |   123 |    54 ||   239
       Scimitar          |       |       |   115 |    22 ||   137
       Battleaxe         |       |       |       |   172 ||   172
Throw: Stone             |     1 |    12 |     2 |       ||    15
 Cast: Infusion          |     5 |    29 |    34 |       ||    68
       Shroud of Golubri |     1 |    14 |    33 |     8 ||    56
       Spectral Weapon   |       |     1 |    11 |    26 ||    38
       Song of Slaying   |       |       |     3 |     6 ||     9
       Regeneration      |       |       |     2 |     9 ||    11
Invok: Serpent's Lash    |       |       |       |     1 ||     1
Evoke: Wand              |       |       |       |     6 ||     6
  Use: Scroll            |       |    10 |     1 |     4 ||    15
       Potion            |       |     3 |     5 |     3 ||    11
 Stab: Sleeping          |       |     1 |     6 |     8 ||    15
       Confused          |       |       |       |     1 ||     1
  Eat: Chunk             |     4 |    12 |    15 |    16 ||    47
       Bread ration      |       |     1 |     3 |       ||     4
Armor: Leather armour    |    61 |    50 |   115 |    39 ||   265
       Skin              |       |       |       |    51 ||    51
Dodge: Dodged            |   145 |   124 |   273 |   190 ||   732
       Rpst.: Falchion   |    43 |    30 |    57 |       ||   130
       Scimitar          |       |       |    34 |     8 ||    42
